 Dungeon Crawl Stone Soup version 0.29-a0-541-gaf1fc19f1b (console) character file.

Game seed: 789996468220354935

152 om the Covert (level 5, -5/70 HPs)
             Began as a Gnoll Delver on June 2, 2022.
             Slain by an iguana (8 damage)
             ... on level 4 of the Dungeon.
             The game lasted 00:05:25 (2963 turns).

om the Covert (Gnoll Delver)                        Turns: 2963, Time: 00:05:25

Health: -5/70      AC: 22    Str: 13    XL:     5   Next: 34%
Magic:  0/7        EV:  2    Int: 10    God:
Gold:   179        SH:  0    Dex: 13    Spells: 6/6 levels left

rFire   . . .      SeeInvis .   a - +0 hand axe
rCold   . . .      Faith    .   (no shield)
rNeg    . . .      Spirit   +   (body armour currently unavailable)
rPois   +          Reflect  .   (helmet currently unavailable)
rElec   .          Harm     .   (cloak currently unavailable)
rCorr   .          Rampage  .   (gloves currently unavailable)
Will    +....      NoTele   +   (boots currently unavailable)
Stlth   ++++......              r - amulet of guardian spirit
HPRegen 0.21/turn               k - ring of willpower
MPRegen 0.10/turn               o - +4 ring of evasion

@: tree-form
A: stationary, stasis, torment immunity, boosted hp, (fangs 1), strong nose,
distributed training
a: no special abilities


You were on level 4 of the Dungeon.
You were a tree.
You visited 1 branch of the dungeon, and saw 5 of its levels.

You collected 179 gold pieces.

Inventory:

Hand Weapons
 a - a +0 hand axe (weapon)
 y - a +0 whip of flaming
Armour
 b - a +0 leather armour
 m - a +0 cloak (melded)
 s - a +0 helmet (melded)
 w - a +1 chain mail of cold resistance (melded)
Jewellery
 k - a ring of willpower (left branch)
 o - a +4 ring of evasion (right branch)
 r - an amulet of guardian spirit (around neck)
 v - a ring of fire
Wands
 g - a wand of digging (3)
Scrolls
 c - a scroll of fog
 d - 2 scrolls of magic mapping
 e - a scroll of fear
 h - 2 scrolls of enchant weapon
 i - a scroll of vulnerability {unknown}
 j - a scroll of enchant armour {unknown}
 l - 2 scrolls of teleportation {unknown}
 t - 3 scrolls of poison
 x - a scroll of amnesia {unknown}
Potions
 f - a potion of haste
 n - a potion of resistance
 p - 3 potions of curing
 u - a potion of ambrosia


   Skills:
 + Level 6.7 Fighting
 + Level 1.4 Short Blades
 + Level 1.4 Long Blades
 + Level 4.8 Axes
 + Level 1.4 Maces & Flails
 + Level 1.4 Polearms
 + Level 1.4 Staves
 + Level 1.4 Slings
 + Level 1.4 Bows
 + Level 1.4 Crossbows
 + Level 1.4 Throwing
 + Level 1.4 Armour
 + Level 4.8 Dodging
 + Level 9.7 Stealth
 + Level 1.4 Shields
 + Level 1.4 Unarmed Combat
 + Level 1.4 Spellcasting
 + Level 1.1 Conjurations
 + Level 1.1 Hexes
 + Level 1.1 Summonings
 + Level 1.1 Necromancy
 + Level 1.1 Translocations
 + Level 1.1 Transmutations
 + Level 1.1 Fire Magic
 + Level 1.1 Ice Magic
 + Level 1.1 Air Magic
 + Level 1.1 Earth Magic
 + Level 1.1 Poison Magic
 + Level 1.6 Invocations
 + Level 1.4 Evocations


You had 6 spell levels left.
You didn't know any spells.
Your spell library contained the following spells:

 Spells                   Type           Power      Damage    Failure   Level
 Sublimation of Blood     Necr           3%         N/A       30%         2
 Wereblood                Tmut           3%         N/A       30%         2
 Summon Hydra             Summ           1%         N/A       100%        7


Dungeon Overview and Level Annotations

Branches:
Dungeon (5/15)
 Temple: D:4-7

Altars:
Trog

Annotations:
D:2 1 runed translucent door, Crazy Yiuf


Innate Abilities, Weirdness & Mutations

You are a tree.
Your roots penetrate the ground, keeping you stationary.
You cannot be teleported.
You are immune to unholy pain and torment.
Your maximum health is greatly increased.
Your equipment is partially melded.
((You have very sharp teeth.))
Your uncanny sense of smell can sniff out nearby items.
Your experience applies equally to all skills.


Message History

The hound is heavily wounded.
You hit the iguana but do no damage. The hound barely misses you.
The iguana bites you.
You barely miss the hound.
The hound is heavily wounded.
You hit the iguana. The hound barely misses you.
The iguana bites you but does no damage.
The hound bites you but does no damage.
You slash the hound!
The hound is almost dead.
You hit the iguana. The hound bites you but does no damage.
The iguana bites you but does no damage.
The hound bites you.
You closely miss the hound.
The hound is almost dead.
You barely miss the iguana. The hound bites you. The iguana bites you!
You hit the hound.
You kill the hound!
You barely miss the iguana.
The iguana bites you but does no damage.
You hit the iguana.
The iguana is heavily wounded.
The iguana bites you.
* * * LOW HITPOINT WARNING * * *
You hit the iguana but do no damage. Your bite misses the iguana.
The iguana is heavily wounded.
The iguana closely misses you.
You hit the iguana. You bite the iguana, but do no damage.
The iguana is severely wounded.
The iguana bites you!
* * * LOW HITPOINT WARNING * * *
You feel better. The iguana bites you.
* * * LOW HITPOINT WARNING * * *
Really quaff the potion of lignification?
You turn into a tree.
Your +0 cloak melds into your body.
Your +0 helmet melds into your body.
Your +1 chain mail of cold resistance melds into your body.
You feel less resistant to cold.
Your roots penetrate the ground.
The iguana bites you!
You die...

...+..<#######
...#.........############+
...#..........#...........
...#..........#...........
...#..........#...........
...#..........#...........
...#..........#..!........
...#...##...###l.#######.#
...#...##...###.♣####.##
'###...#>(.........<...#∆
.......#...............#
.......#.......[.......#
.......#...............+
########################


You could see an iguana.

Vanquished Creatures
  A hound (D:4)
  2 adders
  A shadow imp (D:4)
  3 worms
  A dart slug (D:1)
  9 orcs (D:3)
  5 endoplasms
  A giant cockroach (D:3)
  4 goblins
  7 hobgoblins
  3 jackals (D:4)
  11 kobolds
  3 quokkas
  3 ball pythons
  5 bats
  5 frilled lizards
  10 rats
74 creatures vanquished.

Vanquished Creatures (others)
  2 plants (D:2)
2 creatures vanquished.

Grand Total: 76 creatures vanquished

Notes
Turn   | Place    | Note
-------+----------+-------------------------------------------
     0 | D:5      | Reached skill level 9 in Stealth
     0 | D:5      | om the Gnoll Delver began the quest for the Orb.
     0 | D:5      | Reached XP level 1. HP: 23/23 MP: 1/1
   161 | D:4      | Reached XP level 2. HP: 24/29 MP: 2/2
   470 | D:3      | Reached XP level 3. HP: 35/35 MP: 3/3
   736 | D:1      | Reached skill level 1 in Invocations
  1112 | D:1      | Reached skill level 1 in Short Blades
  1112 | D:1      | Reached skill level 1 in Long Blades
  1112 | D:1      | Reached skill level 1 in Maces & Flails
  1112 | D:1      | Reached skill level 1 in Polearms
  1112 | D:1      | Reached skill level 1 in Staves
  1112 | D:1      | Reached skill level 1 in Slings
  1112 | D:1      | Reached skill level 1 in Bows
  1112 | D:1      | Reached skill level 1 in Crossbows
  1112 | D:1      | Reached skill level 1 in Throwing
  1112 | D:1      | Reached skill level 1 in Armour
  1112 | D:1      | Reached skill level 1 in Shields
  1112 | D:1      | Reached skill level 1 in Unarmed Combat
  1112 | D:1      | Reached skill level 1 in Spellcasting
  1112 | D:1      | Reached skill level 1 in Evocations
  1510 | D:2      | Reached XP level 4. HP: 30/41 MP: 3/5
  1952 | D:2      | Found a faded altar of an unknown god.
  1972 | D:2      | Found a bloodstained altar of Trog.
  2092 | D:2      | Found a runed translucent door.
  2093 | D:2      | Noticed Crazy Yiuf
  2339 | D:3      | Reached skill level 1 in Conjurations
  2339 | D:3      | Reached skill level 1 in Hexes
  2339 | D:3      | Reached skill level 1 in Summonings
  2339 | D:3      | Reached skill level 1 in Necromancy
  2339 | D:3      | Reached skill level 1 in Translocations
  2339 | D:3      | Reached skill level 1 in Transmutations
  2339 | D:3      | Reached skill level 1 in Fire Magic
  2339 | D:3      | Reached skill level 1 in Ice Magic
  2339 | D:3      | Reached skill level 1 in Air Magic
  2339 | D:3      | Reached skill level 1 in Earth Magic
  2339 | D:3      | Reached skill level 1 in Poison Magic
  2875 | D:4      | Reached XP level 5. HP: 40/47 MP: 4/6
  2961 | D:4      | HP: 2/47 [iguana (10)]
  2963 | D:4      | Slain by an iguana

Illustrated notes

Levels and vault maps discovered:
D:1:      dpeg_arrival_shelter, layout_loops_ring, corexii_hall_statues_i
D:2:      layout_rooms, shapermc_ecumenical_altar_acropolis, basic_altar,
          minmay_unequal, uniq_crazy_yiuf_cottage
D:3:      layout_basic
D:4:      layout_gridville, minmay_temple_entry_butterflies,
          hangedman_abyss_or_decor_passed, hangedman_abyss_or_decor_lesser_grid,
          grunt_ministairs_15
D:5:      layout_basic, mainiacjoe_overflow_catwalk, serial_shops, shop

Skill      XL: |  1  2  3  4 |
---------------+-------------+-----
Stealth        | |  9.7
Invocations    | 1 |  1.6
Short Blades   | 1 |  1.4
Long Blades    | 1 |  1.4
Maces & Flails | 1 |  1.4
Polearms       | 1 |  1.4
Staves         | 1 |  1.4
Slings         | 1 |  1.4
Bows           | 1 |  1.4
Crossbows      | 1 |  1.4
Throwing       | 1 |  1.4
Armour         | 1 |  1.4
Shields        | 1 |  1.4
Unarmed Combat | 1 |  1.4
Spellcasting   | 1 |  1.4
Evocations     | 1 |  1.4
Conjurations   | 1 |  1.1
Hexes          | 1 |  1.1
Summonings     | 1 |  1.1
Necromancy     | 1 |  1.1
Translocations | 1 |  1.1
Transmutations | 1 |  1.1
Fire Magic     | 1 |  1.1
Ice Magic      | 1 |  1.1
Air Magic      | 1 |  1.1
Earth Magic    | 1 |  1.1
Poison Magic   | 1 |  1.1
Fighting       | |  6.7
Axes           | |  4.8
Dodging        | |  4.8

Action                   |  1- 3 |  4- 6 || total
-------------------------+-------+-------++-------
Melee: Hand axe          |   124 |   108 ||   232
       Bite              |    11 |    10 ||    21
       Punch             |     2 |     5 ||     7
       Whip              |       |    15 ||    15
  Use: Scroll            |       |     7 ||     7
       Potion            |       |     2 ||     2
 Stab: Sleeping          |    16 |     4 ||    20
Armor: Leather armour    |    20 |    10 ||    30
       Chain mail        |       |    18 ||    18
Dodge: Dodged            |    81 |   102 ||   183

Table legend: (Time is in decaauts)
 A = Elapsed time spent in this place.
 B = Non-inter-level travel time spent in this place.
 C = Inter-level travel time spent in this place.
 D = Time resting spent in this place.
 E = Time spent auto-exploring this place.
 F = Levels seen in this place.
 G = Mean time per level.
                   A        B        C        D        E       F      G
               +--------+--------+--------+--------+--------+-----+--------+
         Total |   2980 |   2790 |    190 |    399 |   1742 |   5 |  596.0 |
       Dungeon |   2980 |   2790 |    190 |    399 |   1742 |   5 |  596.0 |
               +--------+--------+--------+--------+--------+-----+--------+

Top non-repeatable levels by time:
     D:1: 931 daAuts
     D:2: 892 daAuts
     D:3: 712 daAuts
     D:4: 421 daAuts
     D:5: 23 daAuts
